SAAA
ALLOWAY HALBERDS @ PORT ROYAL DISASTER
08/30/2027
 
TOP OF THE 1ST
Alloway Halberds batting - Pitching for Port Royal Disaster : LHP Cisco Cazares
Pitching: LHP Cisco Cazares
Batting: RHB Will Hunter 0-0: Foul Ball, location: 2F
0-1: Ball
1-1: Fly out, F8 (Flyball, 8LM)
Batting: RHB Vito Middendorf 0-0: Ball
1-0: Foul Ball, location: 2F
1-1: Ball
2-1: Fly out, F8 (Line Drive, 8LM)
Batting: RHB Juan Salinas 0-0: Ball
1-0: TRIPLE (Line Drive, 9LS)
Batting: LHB Jorge Flores 0-0: Called Strike
0-1: Called Strike
0-2: Foul Ball, location: 2F
0-2: Ball
1-2: Strikes out swinging
Top of the 1st over - 0 run(s), 1 hit(s), 0 error(s), 1 left on base; Alloway 0 - Port Royal 0
BOTTOM OF THE 1ST
Port Royal Disaster batting - Pitching for Alloway Halberds : RHP Orlando De Jesús
Pitching: RHP Orlando De Jesús
Batting: RHB Jesús Vargas 0-0: Ball
1-0: Foul Ball, location: 2F
1-1: Ball
2-1: Foul Ball, location: 2F
2-2: Ball
3-2: Strikes out swinging
Batting: RHB Mike Green 0-0: Ball
1-0: Ground out 4-3 (Groundball, 4)
Batting: RHB Manuel Becerra 0-0: Ball
1-0: Ball
2-0: Foul Ball, location: 2F
2-1: Foul Ball, location: 2F
2-2: Strikes out swinging
Bottom of the 1st over - 0 run(s), 0 hit(s), 0 error(s), 0 left on base; Alloway 0 - Port Royal 0
TOP OF THE 2ND
Alloway Halberds batting - Pitching for Port Royal Disaster : LHP Cisco Cazares
Batting: RHB Chi-hyeong Ho 0-0: Ball
1-0: Ball
2-0: Called Strike
2-1: Ball
3-1: Base on Balls
Batting: LHB Jesús Trevino 0-0: Swinging Strike
0-1: Ball
1-1: Ball
2-1: Called Strike
2-2: Ball
3-2: Foul Ball, location: 2F
3-2: Base on Balls
Chi-hyeong Ho to second
Batting: RHB Robbie Young 0-0: Swinging Strike
0-1: Ball
1-1: 3-RUN HOME RUN (Line Drive, 9D), Distance : 402 ft
Batting: SHB John Clayton 0-0: Foul Ball, location: 2F
0-1: Fly out, F9 (Flyball, 9LMF)
Batting: RHB Noah Smith 0-0: Ball
1-0: Ball
2-0: Ball
3-0: Called Strike
3-1: Foul Ball, location: 2F
3-2: Ground out 6-3 (Groundball, 6)
Batting: RHB Will Hunter 0-0: Foul Ball, location: 2F
0-1: Ball
1-1: Fly out, F3 (Popup, 34)
Top of the 2nd over - 3 run(s), 1 hit(s), 0 error(s), 0 left on base; Alloway 3 - Port Royal 0
BOTTOM OF THE 2ND
Port Royal Disaster batting - Pitching for Alloway Halberds : RHP Orlando De Jesús
Batting: RHB Michael Riley 0-0: Called Strike
0-1: Foul Ball, location: 2F
0-2: Ball
1-2: Strikes out looking
Batting: RHB David McJannett 0-0: Swinging Strike
0-1: Called Strike
0-2: Ball
1-2: Ball
2-2: Strikes out swinging
Batting: RHB Brandon Cooper 0-0: Called Strike
0-1: Ball
1-1: Foul Ball, location: 2F
1-2: Ball
2-2: Fly out, F9 (Flyball, 89M)
Bottom of the 2nd over - 0 run(s), 0 hit(s), 0 error(s), 0 left on base; Alloway 3 - Port Royal 0
TOP OF THE 3RD
Alloway Halberds batting - Pitching for Port Royal Disaster : LHP Cisco Cazares
Batting: RHB Vito Middendorf 0-0: SINGLE (Groundball, 6MD)
Batting: RHB Juan Salinas 0-0: Ball
1-0: Grounds into double play, 4-6-3 (Groundball, 4)
Batting: LHB Jorge Flores 0-0: Foul Ball, location: 2F
0-1: Ball
1-1: Ball
2-1: Foul Ball, location: 2F
2-2: Strikes out swinging
Top of the 3rd over - 0 run(s), 1 hit(s), 0 error(s), 0 left on base; Alloway 3 - Port Royal 0
BOTTOM OF THE 3RD
Port Royal Disaster batting - Pitching for Alloway Halberds : RHP Orlando De Jesús
Batting: RHB Nelson Abbey 0-0: Ball
1-0: Swinging Strike
1-1: Swinging Strike
1-2: Strikes out swinging
Batting: RHB Ronnie Cleveland 0-0: Ball
1-0: Foul Ball, location: 2F
1-1: Ball
2-1: Foul Ball, location: 2F
2-2: Ball
3-2: Strikes out looking
Batting: LHB Ricky Payton 0-0: Fly out, F9 (Flyball, 9LD)
Bottom of the 3rd over - 0 run(s), 0 hit(s), 0 error(s), 0 left on base; Alloway 3 - Port Royal 0
TOP OF THE 4TH
Alloway Halberds batting - Pitching for Port Royal Disaster : LHP Cisco Cazares
Batting: RHB Chi-hyeong Ho 0-0: Fly out, F4 (Popup, 4S)
Batting: LHB Jesús Trevino 0-0: Called Strike
0-1: Ball
1-1: Ball
2-1: Ball
3-1: SINGLE (Flyball, 89S)
Batting: RHB Robbie Young 0-0: Called Strike
0-1: Grounds into double play, 6-4-3 (Groundball, 56)
Top of the 4th over - 0 run(s), 1 hit(s), 0 error(s), 0 left on base; Alloway 3 - Port Royal 0
BOTTOM OF THE 4TH
Port Royal Disaster batting - Pitching for Alloway Halberds : RHP Orlando De Jesús
Batting: RHB Jesús Vargas 0-0: Foul Ball, location: 2F
0-1: Ball
1-1: Swinging Strike
1-2: Strikes out swinging
Batting: RHB Mike Green 0-0: Called Strike
0-1: Ground out 1-3 (Groundball, 13S)
Batting: RHB Manuel Becerra 0-0: Called Strike
0-1: Ball
1-1: Ball
2-1: SINGLE (Line Drive, 56)
Batting: RHB Michael Riley 0-0: Ball
1-0: Ball
2-0: Ball
Manuel Becerra steals 2nd base
3-0: Called Strike
3-1: Foul Ball, location: 2F
3-2: Foul Ball, location: 2F
3-2: Ground out 6-3 (Groundball, 6)
Bottom of the 4th over - 0 run(s), 1 hit(s), 0 error(s), 1 left on base; Alloway 3 - Port Royal 0
TOP OF THE 5TH
Alloway Halberds batting - Pitching for Port Royal Disaster : LHP Cisco Cazares
Batting: SHB John Clayton 0-0: Foul Ball, location: 2F
0-1: Ball
1-1: Fly out, F9 (Flyball, 9)
Batting: RHB Noah Smith 0-0: Ground out 6-3 (Groundball, 56)
Batting: RHB Will Hunter 0-0: Ball
1-0: Ball
2-0: Called Strike
2-1: SINGLE (Line Drive, 89S)
Batting: RHB Vito Middendorf 0-0: Foul Ball, location: 2F
0-1: Foul Ball, location: 2F
0-2: Ball
1-2: Ball
2-2: Fly out, F7 (Line Drive, 7)
Top of the 5th over - 0 run(s), 1 hit(s), 0 error(s), 1 left on base; Alloway 3 - Port Royal 0
BOTTOM OF THE 5TH
Port Royal Disaster batting - Pitching for Alloway Halberds : RHP Orlando De Jesús
Batting: RHB David McJannett 0-0: Foul Ball, location: 2F
0-1: Called Strike
0-2: Fly out, F7 (Line Drive, 7)
Batting: RHB Brandon Cooper 0-0: Ball
1-0: Called Strike
1-1: Ball
2-1: DOUBLE (Flyball, 89D) - OUT at third base trying to stretch hit.
Batting: RHB Nelson Abbey 0-0: Ball
1-0: Ball
2-0: Ground out 5-3 (Groundball, 56)
Bottom of the 5th over - 0 run(s), 1 hit(s), 0 error(s), 0 left on base; Alloway 3 - Port Royal 0
TOP OF THE 6TH
Alloway Halberds batting - Pitching for Port Royal Disaster : LHP Cisco Cazares
Batting: RHB Juan Salinas 0-0: Called Strike
0-1: Ball
1-1: Foul Ball, location: 2F
1-2: Foul Ball, location: 2F
1-2: SINGLE (Groundball, 56D)
Pitching: RHP Cipriano Costa
Batting: LHB Jorge Flores 0-0: Foul Ball, location: 2F
0-1: Ball
1-1: Swinging Strike
1-2: Ball
2-2: Foul Ball, location: 2F
2-2: Strikes out swinging
Batting: RHB Chi-hyeong Ho 0-0: Foul Ball, location: 2F
0-1: Ball
1-1: Ball
2-1: Ball
3-1: Called Strike
3-2: Ground out 5-3 (Groundball, 56)
Juan Salinas to second
Batting: LHB Jesús Trevino 0-0: Ball
1-0: Ball
2-0: Ball
3-0: Called Strike
3-1: Called Strike
3-2: Foul Ball, location: 2F
3-2: Base on Balls
Batting: RHB Robbie Young 0-0: Called Strike
0-1: Called Strike
0-2: Fly out, F8 (Flyball, 8RD)
Top of the 6th over - 0 run(s), 1 hit(s), 0 error(s), 2 left on base; Alloway 3 - Port Royal 0
BOTTOM OF THE 6TH
Port Royal Disaster batting - Pitching for Alloway Halberds : RHP Orlando De Jesús
Batting: RHB Ronnie Cleveland 0-0: Called Strike
0-1: Ball
1-1: Called Strike
1-2: Foul Ball, location: 2F
1-2: Ball
2-2: SINGLE (Groundball, 6MD)
Batting: LHB Ricky Payton 0-0: Called Strike
0-1: Sac Bunt - play at second, runner OUT! 1-6
Batting: RHB Jesús Vargas 0-0: Ball
1-0: Ball
2-0: Ball
3-0: Base on Balls
Ricky Payton to second
Batting: RHB Mike Green 0-0: Fly out, F6 (Line Drive, 6)
Batting: RHB Manuel Becerra 0-0: Called Strike
0-1: Foul Ball, location: 2F
0-2: Strikes out swinging
Bottom of the 6th over - 0 run(s), 1 hit(s), 0 error(s), 2 left on base; Alloway 3 - Port Royal 0
TOP OF THE 7TH
Alloway Halberds batting - Pitching for Port Royal Disaster : RHP Cipriano Costa
Batting: SHB John Clayton 0-0: Swinging Strike
0-1: Ground out U3 (Groundball, 34S)
Batting: RHB Noah Smith 0-0: Ball
1-0: Called Strike
1-1: Foul Ball, location: 2F
1-2: Foul Ball, location: 2F
1-2: Fly out, F4 (Popup, 4MD)
Batting: RHB Will Hunter 0-0: Fly out, F9 (Flyball, 9LSF)
Top of the 7th over - 0 run(s), 0 hit(s), 0 error(s), 0 left on base; Alloway 3 - Port Royal 0
BOTTOM OF THE 7TH
Port Royal Disaster batting - Pitching for Alloway Halberds : RHP Orlando De Jesús
Batting: RHB Michael Riley 0-0: Foul Ball, location: 2F
0-1: Swinging Strike
0-2: Ball
1-2: Ball
2-2: Foul Ball, location: 2F
2-2: Fly out, F9 (Flyball, 9LSF)
Batting: RHB David McJannett 0-0: Called Strike
0-1: Ball
1-1: Called Strike
1-2: Ball
2-2: Ball
3-2: Base on Balls
Batting: RHB Brandon Cooper 0-0: Called Strike
0-1: Foul Ball, location: 2F
0-2: Foul Ball, location: 2F
0-2: Ball
1-2: Foul Ball, location: 2F
1-2: Ball
2-2: Strikes out swinging
Batting: RHB Nelson Abbey 0-0: Called Strike
0-1: Foul Ball, location: 2F
0-2: Ball
1-2: SINGLE (Groundball, 56D)
David McJannett to second
Pitching: RHP Jim Unknown
Batting: RHB Ronnie Cleveland 0-0: Ball
1-0: Called Strike
1-1: Ball
2-1: Swinging Strike
2-2: Fly out, F5 (Popup, 5D)
Bottom of the 7th over - 0 run(s), 1 hit(s), 0 error(s), 2 left on base; Alloway 3 - Port Royal 0
TOP OF THE 8TH
Alloway Halberds batting - Pitching for Port Royal Disaster : RHP Cipriano Costa
Batting: RHB Vito Middendorf 0-0: Called Strike
0-1: Ground out 2-3 (Groundball, 15S)
Batting: RHB Juan Salinas 0-0: DOUBLE (Flyball, 8RD)
Batting: LHB Jorge Flores 0-0: Intentional Walk
Batting: RHB Chi-hyeong Ho 0-0: Foul Ball, location: 2F
0-1: Foul Ball, location: 2F
0-2: Strikes out swinging
Batting: LHB Jesús Trevino 0-0: Ground out U3 (Groundball, 3L)
Top of the 8th over - 0 run(s), 1 hit(s), 0 error(s), 2 left on base; Alloway 3 - Port Royal 0
BOTTOM OF THE 8TH
Port Royal Disaster batting - Pitching for Alloway Halberds : RHP Jim Unknown
Batting: LHB Ricky Payton 0-0: Ball
1-0: Called Strike
1-1: Ground out 4-3 (Groundball, 4)
Batting: RHB Jesús Vargas 0-0: Ball
1-0: Ball
2-0: Called Strike
2-1: Foul Ball, location: 2F
2-2: Ball
3-2: Foul Ball, location: 2F
3-2: Ground out 6-3 (Groundball, 6)
Batting: RHB Mike Green 0-0: Ball
1-0: Ball
2-0: Foul Ball, location: 2F
2-1: Ball
3-1: Called Strike
3-2: Base on Balls
Pitching: RHP Rewa Malaki
Batting: RHB Manuel Becerra 0-0: Ball
1-0: Ball
2-0: Called Strike
2-1: Ball
3-1: Base on Balls
Mike Green to second
Batting: RHB Michael Riley 0-0: Ground out 5-3 (Groundball, 56S)
Bottom of the 8th over - 0 run(s), 0 hit(s), 0 error(s), 2 left on base; Alloway 3 - Port Royal 0
TOP OF THE 9TH
Alloway Halberds batting - Pitching for Port Royal Disaster : RHP Cipriano Costa
Batting: RHB Robbie Young 0-0: Called Strike
0-1: Swinging Strike
0-2: Ball
1-2: Foul Ball, location: 2F
1-2: SINGLE (Line Drive, 6D)
Batting: SHB John Clayton 0-0: Reached on error, E5 (Groundball, 5L)
Robbie Young to third
Batting: RHB Noah Smith 0-0: Swinging Strike
0-1: Swinging Strike
0-2: Strikes out swinging
Batting: RHB Will Hunter 0-0: Intentional Walk
Pitching: RHP Omar Casteneda
Pinch Hitting: LHB Toby Kamin 0-0: Grounds into double play, 5-2-3 (Groundball, 56)
Top of the 9th over - 0 run(s), 1 hit(s), 1 error(s), 2 left on base; Alloway 3 - Port Royal 0
BOTTOM OF THE 9TH
Port Royal Disaster batting - Pitching for Alloway Halberds : RHP Rewa Malaki
Pitching: RHP Anastasio Enríquez
Now at SS: Jorge López
Batting: RHB David McJannett 0-0: Called Strike
0-1: Ground out 1-3 (Groundball, 15)
Batting: RHB Brandon Cooper 0-0: Called Strike
0-1: Called Strike
0-2: Ball
1-2: Ball
2-2: Foul Ball, location: 2F
2-2: Strikes out looking
Batting: RHB Nelson Abbey 0-0: Foul Ball, location: 2F
0-1: Ball
1-1: Foul Ball, location: 2F
1-2: Foul Ball, location: 2F
1-2: Ball
2-2: Ball
3-2: Strikes out looking
Bottom of the 9th over - 0 run(s), 0 hit(s), 0 error(s), 0 left on base; Alloway 3 - Port Royal 0
Saturday, May 26th, 2018 - OOTP Baseball 17.12 Build 75